 Dungeon Crawl Stone Soup version 0.18.1-48-g4cf74bf (webtiles) character file.

74 Gargoyl the Skirmisher (level 4, -2/35 HPs)
             Began as a Demonspawn Abyssal Knight on June 27, 2016.
             Was a Follower of Lugonu.
             Slain by kirsanium's ghost (4 damage)
             ... on level 3 of the Dungeon.
             The game lasted 00:03:26 (1904 turns).

Gargoyl the Skirmisher (Demonspawn Abyssal Knight)  Turns: 1904, Time: 00:03:26

Health: -2/35      AC:  7    Str: 12 (13) XL:     4   Next: 9%
Magic:  5/5        EV:  9    Int: 13 (14) God:    Lugonu [*.....]
Gold:   128        SH:  0    Dex: 11 (12) Spells: 0 memorised, 3 levels left

rFire  + . .     SeeInvis .     k - +0 war axe
rCold  . . .     Gourm    .     j - +0 scale mail
rNeg   . . .     Faith    .     (no shield)
rPois  .         Spirit   .     (helmet restricted)
rElec  .         Dismiss  .     e - +0 cloak
rCorr  .         Reflect  .     (no gloves)
SustAt .         Harm     .     (no boots)
MR     .....                    (no amulet)
Stlth  ..........               (no ring)
                                (no ring)

@: not resistant to hostile enchantments, extremely unstealthy
A: horns 1, fire resistance 1
a: Depart the Abyss, Renounce Religion


You were on level 3 of the Dungeon.
You worshipped Lugonu.
Lugonu was aware of your devotion.
You were hungry.

You visited 1 branch of the dungeon, and saw 3 of its levels.
You visited the Abyss 1 time.

You collected 128 gold pieces.

Inventory:

Hand Weapons
 k - a +0 war axe (weapon)
Armour
 e - a +0 cloak (worn)
 j - a +0 scale mail (worn)
Scrolls
 f - 2 scrolls of remove curse
 h - 2 scrolls of amnesia
 l - a scroll of magic mapping {unknown}
 n - a scroll of enchant weapon {unknown}
Potions
 a - a potion of haste {unknown}
 g - a potion of brilliance
Comestibles
 b - 9 fruits
 c - 4 bread rations
 i - a slice of pizza


   Skills:
 + Level 3.4 Fighting
 + Level 2.3 Axes
 * Level 3.0 Armour
 + Level 1.1 Dodging
 + Level 0.2 Stealth
 + Level 2.6 Invocations


You had 3 spell levels left.
You didn't know any spells.

Dungeon Overview and Level Annotations

Branches:
Dungeon (3/15)

Altars:
Dithmenos

Annotations:
D:3 kirsanium's ghost, amateur DrTm


Innate Abilities, Weirdness & Mutations

You have a pair of small horns on your head.
Your flesh is heat resistant.


Message History

You hit kirsanium's ghost but do no damage.
Kirsanium's ghost hits you. x2
You barely miss kirsanium's ghost. Kirsanium's ghost hits you.
Okay, then.
Kirsanium's ghost laughs crazily.
Kirsanium's ghost briefly turns into a spider and back.
A rat comes into view.
The rat bites you but does no damage. The rat bites you but does no damage.
Found a potion of curing.
Found a stone staircase leading down.
A giant frog comes into view.
The giant frog croaks.
Kirsanium's ghost hits you.
* * * LOW HITPOINT WARNING * * *
Found a potion of curing.
You closely miss the giant frog. You closely miss kirsanium's ghost.
The giant frog completely misses you. The giant frog hits you.
* * * LOW HITPOINT WARNING * * *
Kirsanium's ghost hits you.
You die...

.###.).########.# #
.................# .#
#.#.../...#####..##.####
...?.........>..........
.##.......######.#.#####
##....### #........
#....# #r#.##### ..#####
#W#.# #. #@# # #F# #.#
#.# #.# .#! # #


You could see a giant frog, kirsanium's ghost and a rat.

Vanquished Creatures
  3 adders (D:2)
  A worm (D:2)
  A dart slug (D:1)
  2 giant geckos
  A giant cockroach (D:2)
  4 hobgoblins
  4 jackals (D:2)
  7 kobolds
  3 bats
  5 giant newts
  7 goblins
  2 rats
40 creatures vanquished.

Notes
Turn   | Place    | Note
--------------------------------------------------------------
     0 | Abyss:1  | Gargoyl the Demonspawn Abyssal Knight began the quest for the Orb.
     0 | Abyss:1  | Reached XP level 1. HP: 18/18 MP: 2/2
    83 | Abyss:1  | Noticed a small abomination
    84 | D:1      | Escaped the Abyss
   381 | D:1      | Reached * piety under Lugonu
   381 | D:1      | Gained mutation: You have a pair of small horns on your head. [demonic ancestry]
   381 | D:1      | Reached XP level 2. HP: 20/24 MP: 3/3
   649 | D:1      | Reached skill level 1 in Dodging
  1051 | D:2      | Gained mutation: Your flesh is heat resistant. [demonic ancestry]
  1051 | D:2      | Reached XP level 3. HP: 13/29 MP: 4/4
  1272 | D:2      | Found a shadowy altar of Dithmenos.
  1428 | D:2      | Reached XP level 4. HP: 4/35 MP: 5/5
  1882 | D:3      | Noticed kirsanium's ghost (amateur DrTm)
  1901 | D:3      | Noticed a giant frog
  1904 | D:3      | Slain by kirsanium's ghost

Skill      XL: |  1  2  3 |
---------------+----------+-----
Armour         | 2 3 |  3.0
Dodging        | 1 |  1.1
Axes           | 2 |  2.3
Fighting       | |  3.4
Stealth        | |  0.2
Invocations    | |  2.6

Action                   |  1- 3 |  4- 6 || total
-------------------------+-------+-------++-------
Melee: Hand axe          |    74 |       ||    74
       Headbutt          |    13 |     5 ||    18
       War axe           |    27 |    39 ||    66
Invok: Depart the Abyss  |     1 |       ||     1
  Use: Scroll            |       |     4 ||     4
       Potion            |       |     3 ||     3
  Eat: Chunk             |     2 |     1 ||     3
Armor: Ring mail         |    28 |       ||    28
       Scale mail        |    34 |    41 ||    75
Dodge: Dodged            |    85 |    40 ||   125
